 Dungeon Crawl Stone Soup version 0.20.1-1-g8b1a95d (webtiles) character file.

60 Peloso the Shield-Bearer (level 3, -1/29 HPs)
             Began as a Demonspawn Fighter on Aug 2, 2017.
             Slain by a hobgoblin
             ... wielding a +0 club
             ... led by Robin
              (3 damage)
             ... on level 2 of the Dungeon.
             The game lasted 00:01:48 (1069 turns).

Peloso the Shield-Bearer (Demonspawn Fighter)       Turns: 1069, Time: 00:01:49

Health: -1/29      AC:  9    Str: 22    XL:     3   Next: 80%
Magic:  3/3        EV:  5    Int:  9    God:
Gold:   66         SH:  9    Dex: 12    Spells: 2/2 levels left

rFire    . . .     SeeInvis .   a - +0 long sword
rCold    . . .     Gourm    .   c - +0 shield
rNeg     . . .     Faith    .   n - +0 chain mail
rPois    .         Spirit   .   (no helmet)
rElec    .         Reflect  .   (no cloak)
rCorr    .         Harm     .   (no gloves)
MR       .....                  (no boots)
Stlth    ..........             (no amulet)
Regen    0.1/turn               (no ring)
MPRegen  0.1/turn               (no ring)

@: mighty
A: powered by pain 1
a: no special abilities


You were on level 2 of the Dungeon.
You were not hungry.

You visited 1 branch of the dungeon, and saw 2 of its levels.

You collected 66 gold pieces.

Inventory:

Hand Weapons
 a - a +0 long sword (weapon)
Armour
 c - a +0 shield (worn)
 n - a +0 chain mail (worn)
 q - a +0 plate armour
Wands
 p - a wand of disintegration (7/24)
Scrolls
 b - 2 scrolls of magic mapping {unknown}
 e - 2 scrolls of teleportation {unknown}
 j - 3 scrolls of enchant armour {unknown}
 l - 4 scrolls of recharging {unknown}
 o - a scroll of immolation {unknown}
Potions
 h - 2 potions of mutation {unknown}
 i - a potion of flight {unknown}
 m - a potion of degeneration {unknown}
Comestibles
 f - 2 bread rations
 g - a royal jelly
 k - a meat ration


   Skills:
 + Level 3.3 Fighting
 + Level 2.2 Long Blades
 + Level 3.2 Armour
 + Level 3.4 Shields


You had 2 spell levels left.
You didn't know any spells.

Dungeon Overview and Level Annotations

Branches:
Dungeon (2/15)

Altars:


Innate Abilities, Weirdness & Mutations

You sometimes gain a little power by taking damage.


Message History

You kill the hobgoblin!
The goblin hits you but does no damage. You block the goblin's attack. x2
The hobgoblin hits you but does no damage.
You closely miss the hobgoblin. The goblin hits you but does no damage.
The goblin hits you with a dagger.
* * * LOW HITPOINT WARNING * * *
The goblin hits you but does no damage.
The hobgoblin hits you but does no damage.
You block the goblin's attack. x2
Your shield and chain mail prevent you from hitting the hobgoblin.
You block the goblin's attack.
The hobgoblin hits you but does no damage.
The goblin hits you but does no damage. The goblin barely misses you.
You closely miss the hobgoblin. You block the goblin's attack.
The hobgoblin hits you but does no damage.
The goblin barely misses you. The goblin hits you but does no damage.
Your shield and chain mail prevent you from hitting the hobgoblin.
The goblin no longer looks unusually strong.
You block the goblin's attack. The hobgoblin hits you with a club.
You die...

##.# ##.....##
###..#####.......##
####.......#..†......#
...........'.........+
####....##.#.........#
# ##.#..##.##.......##
###.....##.###.....##
........##.# ##ggg##
###........# ##@##
#.######## #g# #.# #..
#.# #..# #.# .... #.#
..... #.# ...#. ...
##..###


You could see a hobgoblin and 3 goblins.

Vanquished Creatures
  Robin (D:2)
  2 adders (D:2)
  An ooze (D:1)
  2 giant cockroaches (D:1)
  4 goblins
  4 hobgoblins (D:2)
  4 kobolds
  3 bats (D:2)
  2 frilled lizards
  5 rats
28 creatures vanquished.

Vanquished Creatures (others)
  5 toadstools (D:1)
5 creatures vanquished.

Grand Total: 33 creatures vanquished

Notes
Turn   | Place    | Note
-------+----------+-------------------------------------------
     0 | D:1      | Peloso the Demonspawn Fighter began the quest for the Orb.
     0 | D:1      | Reached XP level 1. HP: 18/18 MP: 1/1
   173 | D:1      | Gained mutation: You sometimes gain a little power by taking damage. [demonic ancestry]
   173 | D:1      | Reached XP level 2. HP: 22/24 MP: 2/2
   683 | D:2      | Reached XP level 3. HP: 14/29 MP: 3/3
  1047 | D:2      | Noticed Robin
  1061 | D:2      | Killed Robin
  1069 | D:2      | Slain by a hobgoblin

Skill      XL: |  1  2 |
---------------+-------+-----
Shields        | 3 |  3.4
Armour         | 3 |  3.2
Long Blades    | 2 |  2.2
Fighting       | |  3.3

Action                   || total
-------------------------++-------
Melee: Long sword        ||   116
  Use: Potion            ||     1
  Eat: Chunk             ||     1
Armor: Scale mail        ||     6
       Chain mail        ||   115
Dodge: Dodged            ||    35
Block: Shield            ||    99
       Rpst.: Long sword ||    11
